 Dungeon Crawl Stone Soup version 0.27.1 (webtiles) character file.

Game seed: 14821757181525744881

119 Araneus the Covert (level 5, -3/34 HPs)
             Began as an Octopode Brigand on Aug 25, 2021.
             Slain by a sky beast (6 damage)
             ... on level 3 of the Dungeon.
             The game lasted 00:05:16 (2452 turns).

Araneus the Covert (Octopode Brigand)               Turns: 2452, Time: 00:05:17

Health: -3/34      AC:  1    Str: 10    XL:     5   Next: 3%
Magic:  14/14      EV: 12    Int: 14    God:
Gold:   90         SH:  0    Dex: 14    Spells: 2/4 levels left

rFire    . . .     SeeInvis .   a - +2 dagger
rCold    . . .     Faith    .   (no shield)
rNeg     . . .     Spirit   .   (helmet restricted)
rPois    .         Reflect  .   (no amulet)
rElec    .         Harm     .   m - ring of magical power
rCorr    .         Rampage  .   (no ring)
Will     .....                  (no ring)
Stlth    +++++.....             (no ring)
HPRegen  0.11/turn              (no ring)
MPRegen  0.14/turn              (no ring)
                                (no ring)
                                (no ring)

@: no status effects
A: almost no armour, amphibious, 8 rings, camouflage 1, gelatinous body 1,
(nimble swimmer 1), tentacles
a: no special abilities


You were on level 3 of the Dungeon.
You visited 1 branch of the dungeon, and saw 3 of its levels.

You collected 90 gold pieces.

Inventory:

Hand Weapons
 a - a +2 dagger (weapon)
Missiles
 b - 8 poisoned darts (quivered)
 c - 2 curare-tipped darts
 e - a throwing net
Jewellery
 i - an amulet of faith
 m - a ring of magical power (left tentacle)
Scrolls
 d - a scroll of immolation {unknown}
 g - a scroll of enchant armour {unknown}
 j - a scroll of teleportation {unknown}
 l - a scroll of blinking {unknown}
 n - a scroll of magic mapping {unknown}
 o - a scroll of noise {unknown}
 p - a scroll of amnesia {unknown}
 q - 2 scrolls of identify {unknown}
Potions
 f - 2 potions of brilliance {unknown}
 h - a potion of might {unknown}
 k - a potion of heal wounds {unknown}
 r - a potion of invisibility {unknown}


   Skills:
 - Level 2.0 Fighting
 + Level 2.9 Short Blades
 - Level 2.0 Throwing
 - Level 1.0 Dodging
 - Level 8.0 Stealth


You had 2 spell levels left.
You knew the following spells:

 Your Spells              Type           Power      Damage    Failure   Level
a - Ensorcelled Hibernat  Hex/Ice        0%         N/A       41%         2

Your spell library contained the following spells:

 Spells                   Type           Power      Damage    Failure   Level
 Spider Form              Tmut/Pois      0%         N/A       65%         3
 Shadow Creatures         Summ           N/A        N/A       100%        6
 Malign Gateway           Summ/Tloc      0%         N/A       100%        7
 Summon Horrible Things   Summ           0%         N/A       100%        8


Dungeon Overview and Level Annotations

Branches:
Dungeon (3/15)

Altars:


Innate Abilities, Weirdness & Mutations

You cannot wear most types of armour.
You are amphibious.
You can wear up to eight rings at the same time.
Your skin changes colour to match your surroundings (Stealth+).
Your rubbery body absorbs attacks. (AC +1, EV +1)
((You are camouflaged near water. (Stealth+)))
You have tentacles for arms and can constrict up to eight enemies at once.


Message History

No target in view!
You barely miss something. Something hits you. Something shocks you.
You miss something. Something hits you. Something shocks you.
You miss something. You squeeze something!
A sky beast appears from thin air!
Reactivating autopickup.
The sky beast barely misses you.
You hit the sky beast.
The sky beast is heavily wounded.
The sky beast barely misses you.
You miss the sky beast.
The sky beast is heavily wounded.
You hit the sky beast.
You squeeze the sky beast, but do no damage.
The sky beast is heavily wounded.
The sky beast barely misses you.
You closely miss the sky beast.
The sky beast is heavily wounded.
The sky beast closely misses you.
You completely miss the sky beast.
The sky beast is heavily wounded.
The sky beast closely misses you.
You miss the sky beast. You squeeze the sky beast!
The sky beast is almost dead.
The sky beast flickers out of sight!
Deactivating autopickup; reactivate with Ctrl-A.
Something barely misses you.
A sky beast appears from thin air!
Reactivating autopickup.
You hit the sky beast.
The sky beast is almost dead.
The sky beast flickers out of sight!
Deactivating autopickup; reactivate with Ctrl-A.
Something hits you.
* * * LOW HITPOINT WARNING * * *
Something shocks you.
* * * LOW HITPOINT WARNING * * *
You miss something. Something hits you.
* * * LOW HITPOINT WARNING * * *
Something shocks you.
You die...

######## ......## #### .......
####.. .....# #..... .....
#.##.# #.#)# #######.##.#
#.#.# #.......##<##
...###.#.############.#.......
..........≈.{@................
...###)#.############.........
#.#.# ###.<..... ..#.#
#####....... ......
........#### ###.###
#######..# #. ##.## .. ##..#
#...#


There were no monsters in sight!

Vanquished Creatures
  Natasha (D:3)
  Robin (D:3)
  3 adders
  A worm (D:2)
  2 orcs (D:3)
  4 endoplasms
  A giant cockroach (D:3)
  10 goblins (D:3)
  2 hobgoblins
  5 kobolds
  2 quokkas
  4 ball pythons
  6 bats
  4 frilled lizards
  7 rats
53 creatures vanquished.

Notes
Turn   | Place    | Note
-------+----------+-------------------------------------------
     0 | D:1      | Araneus the Octopode Brigand began the quest for the Orb.
     0 | D:1      | Reached XP level 1. HP: 14/14 MP: 1/1
   319 | D:1      | Found a faded altar of an unknown god.
   498 | D:1      | Reached XP level 2. HP: 19/19 MP: 2/2
   588 | D:1      | Reached skill level 6 in Stealth
   791 | D:2      | Reached XP level 3. HP: 24/24 MP: 3/3
   993 | D:2      | Learned a level 2 spell: Ensorcelled Hibernation
  1847 | D:3      | Noticed Natasha
  1860 | D:3      | Reached skill level 7 in Stealth
  1863 | D:3      | Reached XP level 4. HP: 19/29 MP: 4/4
  1882 | D:3      | Killed Natasha
  2029 | D:3      | Noticed Robin
  2068 | D:3      | Killed Robin
  2317 | D:3      | Reached skill level 8 in Stealth
  2427 | D:3      | Reached XP level 5. HP: 34/34 MP: 5/5
  2427 | D:3      | Noticed a sky beast
  2452 | D:3      | Slain by a sky beast

Illustrated notes

Levels and vault maps discovered:
D:1:      wander_arrival_fairy_ring, layout_loops_corners,
          chequers_ecumenical_altar_twisty, minmay_octomino_j4
D:2:      layout_basic
D:3:      layout_basic, uniq_natasha, uniq_robin

Skill      XL: |  1  2  3  4 |
---------------+-------------+-----
Stealth        | 6 7 8 |  8.0
Fighting       | |  2.0
Short Blades   | |  2.9
Throwing       | |  2.0
Dodging        | |  1.0

Action                   |  1- 3 |  4- 6 || total
-------------------------+-------+-------++-------
Melee: Dagger            |    49 |    55 ||   104
       Constrict         |    12 |    13 ||    25
       Tentacles         |    10 |    15 ||    25
       Unarmed           |       |    25 ||    25
 Stab: Sleeping          |    17 |     1 ||    18
Armor: Skin              |     1 |     4 ||     5
Dodge: Dodged            |    17 |    46 ||    63
